 Dungeon Crawl Stone Soup version 0.31-a0-365-gcf821cafb2 (webtiles) character file.

Game seed: 2065888515886116987

692 LeprechaunX the Ruffian (level 7, -3/47 HPs)
             Began as an Octopode Shapeshifter on July 27, 2023.
             Killed by nerve-wracking pain
             ... invoked by a shadow imp
             ... summoned by Eustachio
              (9 damage)
             ... on level 4 of the Dungeon.
             The game lasted 00:05:52 (2923 turns).

LeprechaunX the Ruffian (Octopode Shapeshifter)     Turns: 2923, Time: 00:05:53

Health: -3/47      AC:  1    Str: 17      XL:     7   Next: 63%
Magic:  8/8        EV: 13    Int: 10      God:
Gold:   126        SH:  0    Dex:  9 (12) Spells: 6/8 levels left

rFire   . . .        n - +7 short sword of Overwhelming Force {holy, rElec rPois Stlth-}
rCold   . . .        (no shield)
rNeg    . . .        (helmet currently unavailable)
rPois   +            (no amulet)
rElec   +            m - ring of wizardry
rCorr   .            (no ring)
SInv    .            (no ring)
Will    .....        (no ring)
Stlth   ++           (no ring)
HPRegen 0.27/turn    (no ring)
MPRegen 0.11/turn    (no ring)
                     (no ring)

%: wizardry (x1)
@: beast-form
A: beast (slay +3), almost no armour, amphibious, 8 rings, camouflage 1,
gelatinous body 1, nimble swimmer 1, tentacles
a: Begin Untransformation


You were on level 4 of the Dungeon.
You were a hulking beast.
You visited 1 branch of the dungeon, and saw 4 of its levels.

You collected 126 gold pieces.

Inventory:

Hand Weapons
 n - the +7 short sword of Overwhelming Force (weapon) {holy, rElec rPois Stlth-}
   (You found it on level 3 of the Dungeon)

   rElec:     It insulates you from electricity.
   rPois:     It protects you from poison.
   Stlth:     It makes you less stealthy.
Missiles
 d - 5 boomerangs (quivered)
Jewellery
 m - a ring of wizardry (left tentacle)
Talismans
 b - a beast talisman
Scrolls
 a - a scroll of teleportation {unknown}
 c - a scroll of vulnerability {unknown}
 f - a scroll of brand weapon {unknown}
 h - a scroll of identify {unknown}
 i - a scroll of acquirement {unknown}
 j - a scroll of summoning {unknown}
 k - a scroll of immolation {unknown}
 l - a scroll of enchant armour {unknown}
Potions
 e - a potion of attraction {unknown}
 g - a potion of berserk rage {unknown}


   Skills:
 + Level 3.8 Fighting
 - Level 2.0 Dodging
 * Level 6.2 Unarmed Combat
 + Level 1.2 Spellcasting
 + Level 1.2 Translocations
 + Level 4.3 Shapeshifting


You had 6 spell levels left.
You knew the following spells:

 Your Spells              Type           Power      Damage    Failure   Level
a - Blink                 Tloc           6%         N/A       12%         2

Your spell library contained the following spells:

 Spells                   Type           Power      Damage    Failure   Level
 Lesser Beckoning         Tloc           6%         N/A       12%         2
 Momentum Strike          Conj/Tloc      2%         3d8       16%         2
 Vhi's Electric Charge    Tloc/Air       2%         N/A       30%         3
 Arcjolt                  Conj/Air       0%         1d10      97%         5
 Plasma Beam              Fire/Air       0%         2x1d10    100%        6


Dungeon Overview and Level Annotations

Branches:
Dungeon (4/15)             Temple (0/1) D:4

Altars:
Vehumet

Annotations:
D:4 Eustachio


Innate Abilities, Weirdness & Mutations

You are a hulking beast.
Your limbs bulge with bestial killing power. (Slay +3)
You cannot wear most types of armour.
You are amphibious.
You can wear up to eight rings at the same time.
Your skin changes colour to match your surroundings (Stealth+).
Your rubbery body absorbs attacks. (AC +1, EV +1)
You are camouflaged when in or above water. (Stealth+)
You have tentacles for arms and can constrict up to eight enemies at once.


Message History

The hound stops to sniff the ground.
Throw: 5 boomerangs
Press: ? - help, Q - select action, (/) - cycle Shift-Dir - straight line, f/p - shadow imp
Aim: a shadow imp (severely wounded, summoned, 52% to hit)
You throw a boomerang. The boomerang hits the shadow imp.
You kill the shadow imp!
The shadow imp disappears in a puff of smoke!
Throw: 5 boomerangs
Press: ? - help, Q - select action, (/) - cycle Shift-Dir - straight line, f - shadow imp
Aim: a shadow imp (purple smoke, summoned, 52% to hit)
You throw a boomerang.
The boomerang hits the shadow imp but does no damage.
Unknown command.
Throw: 5 boomerangs
Press: ? - help, Q - select action, (/) - cycle Shift-Dir - straight line, f - Eustachio, p - shadow imp
Aim: Eustachio, wielding a +2 rapier of venom and wearing a +3 leather armour of fire resistance (severely wounded, 43% to hit)
You throw a boomerang. The boomerang barely misses Eustachio.
Eustachio casts a spell.
Eustachio blinks!
Throw: 5 boomerangs
Press: ? - help, Q - select action, (/) - cycle Shift-Dir - straight line, f - shadow imp
Aim: a shadow imp (summoned, 52% to hit)
You throw a boomerang.
The boomerang barely misses the shadow imp.
Throw: 5 boomerangs
Press: ? - help, Q - select action, (/) - cycle Shift-Dir - straight line, f/p - shadow imp
Aim: a shadow imp (summoned, 53% to hit)
You throw a boomerang.
The boomerang closely misses the shadow imp.
The shadow imp gestures at you. Pain shoots through your body!
* * * LOW HITPOINT WARNING * * *
The shadow imp barely misses you.
You hit the shadow imp.
The shadow imp convulses.
You grab the shadow imp. You tentacle-slap the shadow imp.
The shadow imp is severely wounded.
You constrict the shadow imp. The shadow imp gestures at you.
Pain shoots through your body!
You die...

.....#............ ...
..........@...........##..
.....≈≈≈≈≈............#...
...≈≈≈≈≈≈≈~≈..............
.≈≈≈≈≈≈≈≈≈~≈≈≈............
≈≈≈≈≈≈...~≈≈≈≈≈...........
≈≈≈≈≈≈.>.≈≈≈≈≈≈..##.......
≈≈≈≈≈≈..5≈≈≈≈≈≈.#.........
≈≈≈≈≈≈≈≈≈h≈≈≈≈≈.......#...
.≈≈≈≈≈≈≈≈≈≈≈≈≈......####..
...≈≈≈≈≈≈≈≈≈r...#......<..
.....≈≈≈≈≈hl..............
..........................
....##.....##............#
###. #....###..........###
. >.##... #.........<# ..
#... #....#........


You could see Eustachio, an iguana, a hound, a shadow imp (summoned) and a rat
(summoned).

Vanquished Creatures
  Grinder (D:3)
  Sigmund (D:3)
  A sleepcap (D:4)
  An iguana (D:3)
  Natasha (thrice) (D:3)
  3 orc wizards (D:3)
  4 adders
  3 worms (D:2)
  4 dart slugs
  6 orcs
  3 bats
  4 endoplasms
  A giant cockroach (D:1)
  5 hobgoblins
  11 jackals
  7 kobolds
  A quokka (D:3)
  5 ball pythons
  7 goblins
  8 rats
79 creatures vanquished.

Notes
Turn   | Place    | Note
-------+----------+-------------------------------------------
     0 | D:1      | LeprechaunX the Octopode Shapeshifter began the quest for
                  | the Orb.
     0 | D:1      | Reached XP level 1. HP: 13/13 MP: 1/1
   181 | D:1      | Found a faded altar of an unknown god.
   184 | D:1      | Reached XP level 2. HP: 18/18 MP: 2/2
   758 | D:1      | Reached XP level 3. HP: 23/23 MP: 3/3
   946 | D:2      | Found a radiant altar of Vehumet.
  1071 | D:2      | You fall into a shaft and drop 2 floors!
  1103 | D:3      | Noticed Sigmund
  1117 | D:3      | Killed Sigmund
  1118 | D:3      | Reached skill level 5 in Unarmed Combat
  1118 | D:3      | Reached XP level 4. HP: 30/30 MP: 4/4
  1118 | D:3      | Reached XP level 5. HP: 36/36 MP: 5/5
  1118 | D:3      | Reached XP level 6. HP: 41/41 MP: 6/6
  1505 | D:3      | Noticed Grinder
  1522 | D:3      | Paralysed by Grinder for 5 turns
  2004 | D:3      | Noticed Natasha
  2014 | D:3      | Killed Natasha
  2268 | D:3      | Identified the +7 short sword of Overwhelming Force {holy,
                  | rElec rPois Stlth-}
  2298 | D:3      | Learned a level 2 spell: Blink
  2505 | D:3      | Noticed Natasha
  2516 | D:3      | Killed Natasha
  2517 | D:3      | Reached XP level 7. HP: 37/46 MP: 7/7
  2541 | D:3      | Noticed Natasha
  2547 | D:3      | Killed Natasha
  2780 | D:3      | Killed Grinder
  2781 | D:3      | Reached skill level 6 in Unarmed Combat
  2781 | D:3      | Reached skill level 1 in Spellcasting
  2781 | D:3      | Reached skill level 1 in Translocations
  2858 | D:4      | Found a staircase to the Ecumenical Temple.
  2858 | D:4      | Noticed Eustachio
  2923 | D:4      | Killed from afar by a shadow imp

Illustrated notes

Levels and vault maps discovered:
D:1:      nzn_arrival_settlement, layout_loops_ring,
          hellmonk_ecumenical_altar_prayer_group, bh_walls_and_bars
D:2:      layout_basic, basic_altar
D:3:      layout_loops_cross, uniq_natasha, uniq_grinder, uniq_sigmund
D:4:      layout_cave_pools, mainiacjoe_overflow_boulevard, temple_pool_b,
          uniq_eustachio

Skill      XL: |  1  2  3  4  5  6  7 |
---------------+----------------------+-----
Fighting       | 2 3 |  3.8
Unarmed Combat | 5 6 |  6.2
Shapeshifting  | 4 |  4.3
Spellcasting   | 1 |  1.2
Translocations | 1 |  1.2
Dodging        | |  2.0

Action                     |  1- 3 |  4- 6 |  7- 9 || total
---------------------------+-------+-------+-------++-------
  Melee: Unarmed           |    59 |    69 |       ||   128
         Constrict         |    18 |    22 |    10 ||    50
         Tentacles         |    10 |    17 |     8 ||    35
         Punch             |     1 |     1 |     3 ||     5
         Short sword       |       |     2 |    32 ||    34
  Throw: Boomerang         |       |       |    23 ||    23
    Use: Potion            |     1 |       |       ||     1
   Stab: Sleeping          |     5 |     4 |       ||     9
         Distracted        |       |     1 |       ||     1
 Armour: Skin              |     5 |     4 |     3 ||    12
  Dodge: Dodged            |    35 |    41 |    30 ||   106

Table legend: (Time is in decaauts)
 A = Elapsed time spent in this place.
 B = Non-inter-level travel time spent in this place.
 C = Inter-level travel time spent in this place.
 D = Time resting spent in this place.
 E = Time spent auto-exploring this place.
 F = Levels seen in this place.
 G = Mean time per level.
                   A        B        C        D        E       F      G
               +--------+--------+--------+--------+--------+-----+--------+
         Total |   2919 |   2514 |    405 |    156 |   1765 |   4 |  729.8 |
       Dungeon |   2919 |   2514 |    405 |    156 |   1765 |   4 |  729.8 |
               +--------+--------+--------+--------+--------+-----+--------+

Top non-repeatable levels by time:
     D:3: 1369 daAuts
     D:1: 795 daAuts
     D:2: 651 daAuts
     D:4: 104 daAuts
